 Dungeon Crawl Stone Soup version 0.21-a0-51-gea492e9 (webtiles) character file.

1209 Fender the Skirmisher (level 8, -3/73 HPs)
             Began as a Hill Orc Abyssal Knight on June 12, 2017.
             Was an Initiate of Beogh.
             Slain by a small abomination (11 damage)
             ... created by the touch of Lugonu
             ... on level 5 of the Dungeon.
             The game lasted 00:10:55 (5095 turns).

Fender the Skirmisher (Hill Orc Abyssal Knight)     Turns: 5095, Time: 00:10:56

Health: -3/73      AC: 16    Str: 17    XL:     8   Next: 45%
Magic:  12/12      EV:  0    Int: 12    God:    Beogh [......]
Gold:   105        SH: 10    Dex: 10    Spells: 7/7 levels left

rFire    . . .     SeeInvis .   a - +1 hand axe
rCold    + . .     Gourm    .   D - +0 large shield {rC+}
rNeg     . . .     Faith    .   l - +0 plate armour
rPois    .         Spirit   .   (no helmet)
rElec    .         Reflect  .   v - +1 cloak
rCorr    +         Harm     .   (no gloves)
MR       .....                  r - +0 pair of boots
Stlth    ..........             (no amulet)
Regen    0.3/turn               p - ring of resist corrosion
MPRegen  0.2/turn               (no ring)

@: no status effects
A: no striking features
a: Renounce Religion


You were on level 5 of the Dungeon.
You worshipped Beogh.
Beogh was noncommittal.
You were not hungry.

You visited 1 branch of the dungeon, and saw 5 of its levels.
You visited the Abyss 1 time.

You collected 277 gold pieces.
You spent 172 gold pieces at shops.

Inventory:

Hand Weapons
 a - a +1 hand axe (weapon)
 x - a +0 battleaxe
Armour
 b - a +0 leather armour
 k - a +0 cloak
 l - a +0 plate armour (worn)
 r - a +0 pair of boots (worn)
 v - a +1 cloak (worn)
 y - a +0 buckler
 D - a +0 large shield of cold resistance (worn)
Jewellery
 p - a ring of resist corrosion (left hand)
 B - an uncursed amulet of guardian spirit {unknown}
Wands
 m - a wand of iceblast (5/15)
 t - a wand of flame (26/48)
 u - a wand of flame (22/48)
Scrolls
 d - 3 scrolls of teleportation {unknown}
 e - 2 scrolls of amnesia {unknown}
 g - 4 scrolls of identify {unknown}
 h - 3 scrolls of magic mapping {unknown}
 i - 3 scrolls of remove curse {unknown}
 j - a scroll of immolation {unknown}
 q - a scroll of fear {unknown}
 A - a scroll of fog {unknown}
Potions
 n - a potion of magic {unknown}
 o - a potion of heal wounds {unknown}
 s - a potion of berserk rage {unknown}
 w - a potion of agility {unknown}
 z - a potion of resistance {unknown}
 C - a potion of invisibility {unknown}
Comestibles
 c - 6 bread rations
 f - 2 meat rations


   Skills:
 + Level 7.1 Fighting
 + Level 7.0 Axes
 + Level 5.6 Armour
 - Level 0.7 Dodging
 + Level 6.5 Invocations


You had 7 spell levels left.
You didn't know any spells.

Dungeon Overview and Level Annotations

Branches:
Dungeon (5/15)             Temple (0/1) D:4

Altars:

Shops:
D:5 [


Message History

There is an open door here.
The small abomination hits you!
Your shield and plate armour prevent you from hitting the small abomination.
The small abomination hits you.
* * * LOW HITPOINT WARNING * * *
You hit the small abomination but do no damage.
You block the small abomination's attack. x2
You slash the small abomination!
The small abomination is moderately damaged.
The small abomination hits you!
* * * LOW HITPOINT WARNING * * *
You slash the small abomination!
The small abomination is heavily damaged.
You block the small abomination's attack.
Your shield and plate armour prevent you from hitting the small abomination.
The small abomination is heavily damaged.
The small abomination hits you.
* * * LOW HITPOINT WARNING * * *
The small abomination hits you!
You die... .PPP.PPP.P.P.#

#.###.## ...P.P.....P.###.##<..##
######## PP.PPPPPPPPP...........#
#....... .#.#.##.#######..##...##
#.#####. ........# ###.#.##.##
#.# #. ####.####
#..∩...#.#####.#####. #.#
#.#.#.##..........##. #.#
#....#########.##.##. #.# ####@#
#.##.##. #.### #x# #....... #...#
##x## #....... ###.# ##...##
#.##.#.# #.# ##.....## #.##.#.#
##.## ##.......## ##.#.....
#####...####.........####.....#..
...........'.........'...........
#####...####.........###......##.


You could see 2 small abominations.

Vanquished Creatures
  The ghost of Commanderkittenface the Skirmisher, an amateur DsCK of Xom (D:5)
  A phantom (D:4)
  2 sky beasts (D:5)
  An ogre (D:5)
  5 wights (D:4)
  A howler monkey (D:5)
  2 bullfrog zombies (D:5)
  A hound (D:5)
  A bullfrog skeleton (D:3)
  2 iguanas
  An orc wizard (D:4)
  A worker ant (D:4)
  4 gnolls (D:3)
  6 adders
  2 shadow imps (D:5)
  An ooze (D:3)
  4 worms (D:2)
  A dart slug (D:4)
  2 leopard geckos
  8 orcs
  2 bats
  4 giant cockroaches
  8 goblins
  4 hobgoblins
  5 kobolds
  2 quokkas
  4 frilled lizards
  A leopard gecko zombie (D:5)
  7 rats
84 creatures vanquished.

Notes
Turn   | Place    | Note
-------+----------+-------------------------------------------
     0 | Abyss:1  | Fender the Hill Orc Abyssal Knight began the quest for the Orb.
     0 | Abyss:1  | Reached XP level 1. HP: 19/19 MP: 2/2
    50 | Abyss:1  | Noticed a large abomination
    51 | Abyss:1  | Noticed a thrashing horror
    53 | D:1      | Escaped the Abyss
   277 | D:1      | Reached * piety under Lugonu
   281 | D:1      | Reached XP level 2. HP: 23/27 MP: 3/3
   801 | D:2      | Reached XP level 3. HP: 21/34 MP: 4/4
  1362 | D:2      | Reached XP level 4. HP: 34/41 MP: 4/6
  1423 | D:2      | Reached skill level 5 in Fighting
  1616 | D:2      | Found a faded altar of an unknown god.
  1953 | D:3      | Reached XP level 5. HP: 48/48 MP: 7/7
  1988 | D:3      | Reached ** piety under Lugonu
  2863 | D:4      | Reached XP level 6. HP: 56/56 MP: 9/9
  2949 | D:4      | Reached skill level 5 in Axes
  3234 | D:4      | Reached XP level 7. HP: 56/62 MP: 10/10
  3366 | D:4      | Found a staircase to the Ecumenical Temple.
  3476 | D:4      | Reached skill level 5 in Invocations
  3690 | D:5      | Entered Level 5 of the Dungeon
  4058 | D:5      | Reached skill level 5 in Armour
  4066 | D:5      | Found Hymuas's Antique Armour Emporium.
  4100 | D:5      | Reached XP level 8. HP: 59/71 MP: 12/12
  4288 | D:5      | Fell from the grace of Lugonu
  4288 | D:5      | Became a worshipper of Beogh the Brigand
  4905 | D:5      | Noticed Commanderkittenface's ghost (amateur DsCK)
  4914 | D:5      | Bought a shiny large shield for 172 gold pieces
  4947 | D:5      | Killed Commanderkittenface's ghost
  5095 | D:5      | Slain by a small abomination

Vault maps used:
D:1:      matt_arrival_refuge, st_stairs_3
D:2:      chequers_ecumenical_altar_lobes
D:4:      minmay_temple_entry_nine_rooms, first_bread
D:5:      serial_shops, nicolae_shop_crystal, minmay_hedge_maze
Abyss:1:  evilmike_abyss_exit_4

Skill      XL: |  1  2  3  4  5  6  7  8 |
---------------+-------------------------+-----
Fighting       | 4 5 6 7 |  7.1
Axes           | 3 4 5 6 7 |  7.0
Invocations    | 3 4 5 6 |  6.5
Armour         | 3 4 5 |  5.6
Dodging        | |  0.7

Action                   |  1- 3 |  4- 6 |  7- 9 || total
-------------------------+-------+-------+-------++-------
Melee: Hand axe          |   127 |   148 |    36 ||   311
       Battleaxe         |       |    11 |   106 ||   117
Invok: Depart the Abyss  |     1 |       |       ||     1
       Convert to Beogh  |       |       |     1 ||     1
  Use: Potion            |       |     1 |       ||     1
  Eat: Chunk             |     2 |     5 |       ||     7
       Meat ration       |       |       |     2 ||     2
Armor: Leather armour    |    17 |       |       ||    17
       Plate armour      |    43 |   101 |   103 ||   247
Dodge: Dodged            |    47 |    29 |    34 ||   110
Block: Large shield      |       |       |    20 ||    20
